 Dungeon Crawl Stone Soup version 0.31-a0-162-gc4c5a43528 (webtiles) character file.

Game seed: 7637110244895101663

1755 qw the Cleaver (level 9, -1/55 HPs)
             Began as a Gargoyle Fighter on June 12, 2023.
             Slain by a wight
             ... wielding a +0 morningstar of protection
              (5 damage)
             ... on level 6 of the Dungeon.
             The game lasted 00:02:39 (4582 turns).

qw the Cleaver (Gargoyle Fighter)                   Turns: 4582, Time: 00:02:39

Health: -1/55      AC: 19    Str: 23      XL:     9   Next: 6%
Magic:  9/9        EV: 11    Int: 10      God:
Gold:   295        SH:  4    Dex:  6 (9)  Spells: 8/8 levels left

rFire   . . .        Y - +0 war axe (venom)
rCold   . . .        c - +0 buckler
rNeg    + . .        l - +0 plate armour
rPois   inf          (no helmet)
rElec   +            p - +0 cloak
rCorr   .            (no gloves)
SInv    .            (no boots)
Will    .....        (no amulet) Stlth
                     e - +5 ring of evasion
HPRegen 0.29/turn    (no ring)
MPRegen 0.11/turn

%: no passive effects
@: about to teleport
A: sickness immunity, AC +6, negative energy resistance 1, electricity
resistance, torment resistance 1, petrification resistance
a: no special abilities


You were on level 6 of the Dungeon.
You visited 1 branch of the dungeon, and saw 6 of its levels.

You collected 295 gold pieces.


Innate Abilities, Weirdness & Mutations

You are immune to sickness and miasma.
Your stone body is resilient. (AC +6)
You are immune to poison.
You resist negative energy. (rN+)
You are resistant to electric shocks. (rElec)
You are resistant to unholy torment.
You are immune to petrification.


   Skills:
 - Level 6.1 Fighting
 + Level 8.8 Axes
 - Level 1.0 Throwing
 - Level 5.1 Armour
 - Level 1.2 Dodging
 - Level 3.2 Shields


You had 8 spell levels left.
You didn't know any spells.
Your spell library was empty.

Inventory:

Hand Weapons
 r - a +3 morningstar of freezing
 Y - a +0 war axe of venom (weapon)
Missiles
 k - 7 boomerangs (quivered)
Armour
 c - a +0 buckler (worn)
 l - a +0 plate armour (worn)
 p - a +0 cloak (worn)
Jewellery
 e - a +5 ring of evasion (left hand)
Scrolls
 a - a scroll of identify
Potions
 d - 2 potions of might
 f - a potion of mutation
 g - a potion of curing
 i - a potion of heal wounds
 j - a potion of lignification
 m - a potion of magic
 n - a potion of enlightenment {unknown}

Dungeon Overview and Level Annotations

Branches:
Dungeon (6/15)
 Temple: D:4-7

Altars:
Yredelemnul

Annotations:
D:1 2 transporters
D:2 1 runed translucent door, Crazy Yiuf


Message History

You barely miss the water moccasin.
The water moccasin is severely wounded.
You hit the wight but do no damage.
The water moccasin bites you but does no damage.
You block the wight's attack.
You closely miss the water moccasin.
The water moccasin is severely wounded.
You hit the wight but do no damage. The water moccasin bites you.
The water moccasin barely misses you. The wight hits you but does no damage.
You slash the water moccasin!
You kill the water moccasin!
You hit the wight but do no damage. The wight hits you but does no damage.
You have reached level 9!
Your experience leads to an increase in your attributes!
Your base attributes are Str 21, Int 10, Dex 9.
Increase (S)trength, (I)ntelligence, or (D)exterity?
You feel stronger. x2
You hit the wight.
The wight is moderately damaged.
You slash the wight! You block the wight's attack. The wight barely misses you.
You slash the wight!
You destroy the wight!
You closely miss the wight. The wight barely misses you.
You feel your strength returning.
You hit the wight.
The wight is heavily damaged.
You hit the wight. The wight hits you but does no damage.
The wight hits you with a +0 morningstar of protection!
4582 ||| READING scroll of teleportation.
As you read the scroll of teleportation, it crumbles to dust.
You feel strangely unstable.
The wight hits you with a +3 mace of freezing.
The wight freezes you.
The wight hits you with a +0 morningstar of protection.
You die...

#### ##...## ##.....##
##.......##
###.........#
#.....?.[...#
.#######.#.........#
.....oz@.##.......#
....!.z#####.....#######
....... #............
..?.... #.#.#########
....... #.#.# #. .......
..#.# #.
.......#######.########.
...?=................##.
#####............


You could see 2 wights and an orc.

Vanquished Creatures
  Edmund (D:3)
  A water moccasin (D:6)
  An ice beast (D:5)
  A black bear (D:5)
  4 phantoms
  A necrophage (D:4)
  2 scorpions
  5 wights
  A howler monkey (D:5)
  A centaur zombie (D:4)
  A human zombie (D:4)
  A hound (D:6)
  3 orc priests
  2 sleepcaps (D:4)
  An iguana (D:4)
  An orc wizard (D:4)
  3 hound zombies (D:4)
  2 mummies (D:4)
  4 gnolls (D:4)
  7 adders
  An ufetubus (D:6)
  2 adder zombies (D:4)
  A worm (D:5)
  A dart slug (D:4)
  12 orcs
  6 endoplasms
  9 giant cockroaches
  4 goblins
  4 hobgoblins
  7 jackals
  9 quokkas
  11 ball pythons
  5 bats
  A frilled lizard (D:3)
  5 kobolds
  3 rats
124 creatures vanquished.

Vanquished Creatures (others)
  An orc wizard (D:4)
1 creature vanquished.

Grand Total: 125 creatures vanquished

Notes
Turn   | Place    | Note
-------+----------+-------------------------------------------
     0 | D:1      | qw the Gargoyle Fighter began the quest for the Orb.
     0 | D:1      | Reached XP level 1. HP: 14/14 MP: 1/1
     0 | D:1      | 0 ||| qw: Version: 0.2-a-29-gc1b59c4
     0 | D:1      | 0 ||| qw: Game counter: 4342
     0 | D:1      | 0 ||| qw: Always use a shield: true
     0 | D:1      | 0 ||| qw: God list: Okawaru
     0 | D:1      | 0 ||| qw: Allow faded altars: false
     0 | D:1      | 0 ||| qw: Do Orc after D:15 true
     0 | D:1      | 0 ||| qw: Do second Lair branch before Depths: true
     0 | D:1      | 0 ||| qw: Lair rune preference: random
     0 | D:1      | 0 ||| qw: Plans: Normal, Zot:1-4, Slime:5, God:TSO, Crypt,
                  | Tomb, Abyss, Pan, Hells, Win
     0 | D:1      | 0 ||| PLANNING D:1-11
   171 | D:1      | Reached skill level 2 in Axes
   267 | D:1      | Reached XP level 2. HP: 15/19 MP: 2/2
   835 | D:1      | 835 ||| Stepping ~*~*~tactically~*~*~ (hiding).
   846 | D:1      | Reached skill level 3 in Axes
   880 | D:1      | Reached XP level 3. HP: 23/23 MP: 3/3
  1034 | D:1      | 1034 ||| DROPPING ring of flight.
  1035 | D:1      | 1035 ||| READING 2 scrolls labelled XAKELETYFF.
  1036 | D:1      | 1036 ||| READING scroll labelled QEXKOA IFIDU.
  1275 | D:2      | Found a runed translucent door.
  1276 | D:2      | Noticed Crazy Yiuf
  1743 | D:2      | 1743 ||| READING scroll labelled ZOLIPN VOTEATZ.
  1744 | D:2      | 1744 ||| READING scroll labelled LAUSSOU KUOXT.
  1745 | D:2      | 1745 ||| READING scroll labelled SUMPEY JAPS.
  1746 | D:2      | 1746 ||| READING 2 scrolls of identify.
  1746 | D:2      | 1746 ||| IDENTIFYING grey potion
  1901 | D:3      | 1901 ||| Stepping ~*~*~tactically~*~*~ (stealth).
  1931 | D:3      | 1931 ||| Stepping ~*~*~tactically~*~*~ (stealth).
  1944 | D:3      | Reached XP level 4. HP: 27/28 MP: 4/4
  1948 | D:3      | 1948 ||| Stepping ~*~*~tactically~*~*~ (stealth).
  1949 | D:3      | 1949 ||| Stepping ~*~*~tactically~*~*~ (stealth).
  1980 | D:3      | 1980 ||| Stepping ~*~*~tactically~*~*~ (stealth).
  2020 | D:3      | Reached skill level 4 in Axes
  2095 | D:3      | 2095 ||| Stepping ~*~*~tactically~*~*~ (stealth).
  2200 | D:3      | 2200 ||| UPGRADING to +0 plate armour.
  2210 | D:3      | 2210 ||| DROPPING +0 scale mail.
  2211 | D:3      | 2211 ||| UPGRADING to +5 ring of evasion.
  2212 | D:3      | 2212 ||| READING 2 scrolls labelled CUCLINEKHL QEUN.
  2225 | D:4      | 2225 ||| PLANNING SEWER
  2234 | D:4      | Reached XP level 5. HP: 23/32 MP: 5/5
  2256 | D:4      | 2256 ||| FLEEEEING.
  2257 | D:4      | 2257 ||| STAIRDANCE
  2305 | D:4      | Noticed Edmund
  2309 | D:4      | Reached skill level 5 in Axes
  2316 | D:4      | 2316 ||| STAIRDANCE
  2318 | D:3      | HP: 7/32 [Edmund/+2 heavy flail (10)]
  2319 | D:3      | 2319 ||| READING scroll of teleportation.
  2328 | D:3      | Killed Edmund
  2329 | D:3      | Reached XP level 6. HP: 10/40 MP: 6/6
  2626 | D:4      | Reached skill level 6 in Axes
  2626 | D:4      | Reached XP level 7. HP: 39/44 MP: 7/7
  2844 | D:4      | 2844 ||| RIP SEWER
  2849 | D:4      | 2849 ||| PLANNING D:1-11
  2849 | D:4      | 2849 ||| Stepping ~*~*~tactically~*~*~ (hiding).
  2850 | D:4      | 2850 ||| Stepping ~*~*~tactically~*~*~ (hiding).
  3008 | D:4      | 3008 ||| Stepping ~*~*~tactically~*~*~ (hiding).
  3009 | D:4      | 3009 ||| Stepping ~*~*~tactically~*~*~ (hiding).
  3089 | D:4      | 3089 ||| Stepping ~*~*~tactically~*~*~ (hiding).
  3101 | D:4      | 3101 ||| DRINKING 2 potions of curing.
  3101 | D:4      | 3101 ||| (to cure confusion)
  3105 | D:4      | 3105 ||| FLEEEEING.
  3122 | D:4      | 3122 ||| FLEEEEING.
  3130 | D:4      | 3130 ||| DRINKING potion of curing.
  3130 | D:4      | 3130 ||| (to cure confusion)
  3133 | D:4      | Reached skill level 7 in Axes
  3207 | D:4      | 3207 ||| Stepping ~*~*~tactically~*~*~ (stealth).
  3223 | D:4      | Reached skill level 1 in Dodging
  3223 | D:4      | Reached XP level 8. HP: 45/49 MP: 8/8
  3241 | D:4      | 3241 ||| Stepping ~*~*~tactically~*~*~ (stealth).
  3247 | D:4      | 3247 ||| Stepping ~*~*~tactically~*~*~ (stealth).
  3256 | D:4      | Reached skill level 1 in Throwing
  3258 | D:4      | 3258 ||| Stepping ~*~*~tactically~*~*~ (stealth).
  3260 | D:4      | 3260 ||| Stepping ~*~*~tactically~*~*~ (stealth).
  3261 | D:4      | 3261 ||| DROPPING +0 flail.
  3296 | D:4      | 3296 ||| Stepping ~*~*~tactically~*~*~ (stealth).
  3325 | D:4      | Found a basalt altar of Yredelemnul.
  3404 | D:4      | 3404 ||| Stepping ~*~*~tactically~*~*~ (water).
  3406 | D:4      | 3406 ||| Stepping ~*~*~tactically~*~*~ (water).
  3408 | D:4      | 3408 ||| Stepping ~*~*~tactically~*~*~ (water).
  3410 | D:4      | 3410 ||| Stepping ~*~*~tactically~*~*~ (water).
  3422 | D:4      | 3422 ||| Stepping ~*~*~tactically~*~*~ (water).
  3615 | D:4      | 3615 ||| UPGRADING to +0 cloak.
  3620 | D:4      | 3620 ||| DROPPING orb of light.
  3621 | D:4      | 3621 ||| READING scroll labelled MOJIGHIHOSS.
  3622 | D:4      | 3622 ||| DRINKING 2 sedimented blue potions.
  3662 | D:4      | 3662 ||| DRINKING 2 bubbling white potions.
  3671 | D:5      | Entered Level 5 of the Dungeon
  3752 | D:5      | 3752 ||| Stepping ~*~*~tactically~*~*~ (hiding).
  3762 | D:5      | Reached skill level 8 in Axes
  4391 | D:5      | Reached skill level 6 in Fighting
  4433 | D:5      | 4433 ||| READING scroll labelled TATAGR PEAFRY.
  4434 | D:5      | 4434 ||| DRINKING 2 dark potions.
  4435 | D:5      | 4435 ||| DRINKING 2 murky brown potions.
  4436 | D:5      | 4436 ||| READING 4 scrolls of identify.
  4436 | D:5      | 4436 ||| IDENTIFYING fizzy orange potion
  4437 | D:5      | 4437 ||| READING 3 scrolls of identify.
  4437 | D:5      | 4437 ||| IDENTIFYING lumpy grey potion
  4438 | D:5      | 4438 ||| READING 2 scrolls of identify.
  4438 | D:5      | 4438 ||| IDENTIFYING purple potion
  4439 | D:5      | 4439 ||| DROPPING potion of degeneration.
  4440 | D:5      | 4440 ||| DROPPING potion of invisibility.
  4441 | D:5      | 4441 ||| DROPPING potion of brilliance.
  4479 | D:6      | 4479 ||| Stepping ~*~*~tactically~*~*~ (stealth).
  4579 | D:6      | Reached XP level 9. HP: 19/55 MP: 9/9
  4581 | D:6      | HP: 9/55 [wight/+0 morningstar of protection (11)]
  4582 | D:6      | 4582 ||| READING scroll of teleportation.
  4582 | D:6      | HP: 4/55 [wight/+3 mace of freezing (2)]
  4582 | D:6      | Slain by a wight

Levels and vault maps discovered:
D:1:      spicycebolla_arrival_transporter_tutorial, layout_loops_corners,
          minmay_misc_feat_four_crosses
D:2:      layout_loops_ring, serial_forest, infiniplex_forest_straight_1,
          infiniplex_forest_clump_curved, infiniplex_forest_corner_2,
          infiniplex_forest_clump_C, infiniplex_forest_clump_diagonal,
          infiniplex_forest_clump_medium, infiniplex_forest_corner_2,
          infiniplex_forest_straight_4, infiniplex_forest_corner_1,
          uniq_crazy_yiuf_cottage
D:3:      layout_rooms
D:4:      layout_cave_pools, lemuel_mausoleum_altar_yredelemnul,
          gup_sewer_entry_pipe, bh_walls_and_bars, uniq_edmund
D:5:      layout_basic
D:6:      layout_loops_ring

Skill      XL: |  1  2  3  4  5  6  7  8 |
---------------+-------------------------+-----
Axes           | 2 3 4 5 6 7 8 |  8.8
Fighting       | 4 5 6 |  6.1
Armour         | 4 5 |  5.1
Dodging        | 1 |  1.2
Throwing       | 1 |  1.0
Shields        | |  3.2

Action                     |  1- 3 |  4- 6 |  7- 9 || total
---------------------------+-------+-------+-------++-------
  Melee: War axe           |   136 |    75 |   222 ||   433
  Throw: Boomerang         |       |     5 |    69 ||    74
    Use: Scroll            |     6 |     2 |     6 ||    14
         Potion            |       |       |     6 ||     6
 Armour: Scale mail        |    78 |     8 |       ||    86
         Plate armour      |       |    25 |   133 ||   158
  Dodge: Dodged            |    70 |    30 |   124 ||   224
  Block: Buckler           |    30 |    18 |    39 ||    87

Table legend:
 A = Non-vault XP
 B = Vault XP
 C = Vault XP percentage of total XP
 D = Non-vault monster count
 E = Vault monster count
 F = Vault count percentage of total count
                 A         B        C        D         E       F
            +---------+---------+-------+---------+---------+-------
      Total |    1892 |     616 |  24.6 |     104 |      21 |  16.8
            +---------+---------+-------+---------+---------+-------
        D:1 |      36 |       0 |   0.0 |      21 |       0 |   0.0
        D:2 |      10 |       0 |   0.0 |       6 |       0 |   0.0
        D:3 |      72 |     169 |  70.1 |      22 |       1 |   4.3
        D:4 |     700 |     447 |  39.0 |      31 |      20 |  39.2
        D:5 |     532 |       0 |   0.0 |      12 |       0 |   0.0
        D:6 |     542 |       0 |   0.0 |      12 |       0 |   0.0
            +---------+---------+-------+---------+---------+-------
